Map: 애씨드 플랜트 - 래더

Players

Creator

  • Race: Protoss Protoss
  • League: Master
  • Spawn Location: 11:00

Reynor - Winner!

  • Race: Zerg Zerg
  • League: Master
  • Spawn Location: 5:00

Event: HomeStory Cup XVIII

VOD

Have the link to the VOD?

Description

Time

  • Played on: Nov. 22, 2018, 5:18 p.m.
  • Length: 5:19

All games in this series

Show
View Real Time Build Order
Export as new Build Order

Creator Protoss 

Build Orders: 1 Gate Expand, Dark Templar Rush 

Get SALT Encoding   

  12  0:00  Probe  
  13  0:12  Probe  
  14  0:20  Pylon  
  14  0:24  Probe  
  15  0:34  Probe  
  15  0:42  Gateway, Probe  
  16  0:48  Assimilator  
  17  0:52  Probe  
  18  1:05  Probe  
  19  1:17  Probe  
  20  1:25  Nexus  
  20  1:35  Cybernetics Core  
  20  1:37  Probe  
  21  1:43  Assimilator  
  21  1:49  Probe  
  21  1:53  Pylon  
  22  2:02  Probe  
  22  2:03  Adept  
  23  2:14  Probe  
  26  2:22  Twilight Council  
  26  2:26  Probe  
  26  2:28  Stalker  
  27  2:32  Warp Gate  
  27  2:34  Probe  
  27  2:35  Probe  
  29  2:42  Probe  
  29  2:43  Probe  
  33  2:52  Probe  
  33  2:53  Probe  
  35  3:00  Robotics Facility  
  35  3:04  Probe  
  35  3:05  Probe  
  37  3:16  Adept  
  37  3:19  Gateway  
  39  3:21  Shield Battery  
  39  3:26  Dark Shrine  
  39  3:30  Probe x2  
  41  3:41  Warp Prism  
  41  3:45  Gateway x2, Probe x2  
  45  3:57  Pylon  
  45  4:06  Assimilator, Probe  
  45  4:07  Pylon, Warp Prism, Assimilator  
  46  4:15  Probe  
  47  4:18  Probe  
  50  4:24  Pylon  
  50  4:28  Probe  
  50  4:30  Probe  
  50  4:39  Dark Templar  
  50  4:42  Dark Templar  
  51  4:52  Pylon  
Show
View Real Time Build Order
Export as new Build Order

Reynor Zerg - Winner!

Build Orders: Hatch First, Zergling Baneling 

Get SALT Encoding   

  12  0:01  Drone  
  13  0:13  Overlord  
  13  0:17  Drone  
  14  0:31  Drone x2  
  14  0:35  Drone  
  17  0:52  Hatchery  
  17  0:55  Drone  
  17  0:59  Drone  
  18  1:09  Extractor  
  17  1:17  Spawning Pool  
  16  1:19  Drone  
  16  1:22  Drone  
  18  1:28  Drone  
  19  1:39  Drone  
  20  1:51  Overlord  
  20  2:04  Queen, Zergling x4  
  20  2:07  Queen  
  26  2:11  Drone  
  26  2:14  Drone  
  28  2:19  Metabolic Boost  
  28  2:22  Drone  
  29  2:25  Drone  
  30  2:41  Hatchery  
  30  2:42  Drone  
  30  2:50  Queen  
  32  2:55  Overlord  
  32  2:58  Drone  
  33  2:59  Drone  
  34  3:10  Baneling Nest  
  34  3:11  Zergling x4  
  34  3:12  Zergling x2  
  36  3:17  Zergling x6  
  39  3:22  Overlord  
  39  3:28  Overlord  
  39  3:40  Zergling x2  
  39  3:41  Zergling x8  
  44  3:48  Zergling x8  
  48  3:57  Baneling x2  
  48  3:58  Baneling x3  
  48  4:02  Zergling x6  
  51  4:05  Zergling x2  
  51  4:08  Baneling  
  52  4:10  Zergling x4  
  54  4:17  Baneling  
  54  4:18  Zergling x4  
  54  4:19  Zergling x2  
  54  4:21  Zergling x2  
  58  4:26  Overlord  
  55  4:32  Zergling x6  
  55  4:36  Overlord  
  57  4:39  Baneling x2  
  57  4:45  Zergling x4  
  56  4:49  Zergling x4  
  56  4:52  Zergling x4  
  58  4:55  Zergling x2  
  58  4:57  Baneling x2  
  57  5:00  Zergling x2  
  57  5:05  Spore Crawler  
Tags
 
Add a new tag
Caveats
  • Supply blocks, unpowered buildings, or Contaminate may cause inaccurate times.
  • Supply counts are checked every 10 seconds.